noty, neutral male scurrid Tourist }}}}}}}}}}}}}}}} }}}}}}}}}}}}}}}}}}}} }}}}}}}}}}}}}} }}}}}}}}}}}}}}.} }}}}}}}}}}} .}}}}}}}}/}}} }}..}}}} .}}}}}}...# .. .# }.. #..}}}}} }}}}}.....# }}}}}..(...# #......}}}}. #..}}.})}.}}...}}} #.}}}}...=I}I}}}}.# #..}}}}}}}}}}} #.I}I}}}}}..}}}}}}} }}}}}...}}}}}}}} }}}}}}#.}}}}}}}}}}}}}}}}.# .......}}}}}}..}}}}}} }}}}}}}}} }}}}}}}}}}}}}}}}.}}}. #...} #}}}}}} }}}}}}}}}}# }`.# }...}}}}}}}}}}}}}}...}} }.`}} ...}}}}}}}}.# #.... # ...}}}}}}}}}}}}}.}}}}}} }}}}}} ..}}.}}}}}}}}} .... # .}}}}}.# }}}}}}}}}} }}}}}}} }}}}}}}}}}..}}}}} --+-- # }}.... }}}}}} }}}}.} }}}}}}}}}}..#.}}}}. }.}}}}}. }} }} # }}}}}}.}}}}}}} ...}}. }}}..# }}}}}}}...}}}}} }}}}}}}# .# %}}}}}}}}.#..}}}} }}}}}}} }}}}}}}}}}} }.}}}} }}}}}}}}} }}}}}}}}}}}} }}}}}}} }}}}}}}}} noty the Rambler Experience level: 1 Strength: 15 Dexterity: 9 Constitution: 13 Intelligence: 13 Wisdom: 9 Charisma: 15 Health: 0(9) Energy: 2(2) Def: 0 Gold: 126 Moves: 56 Dungeon seed: nn6SMABnbZnuMo5I Game ID: noty_1498607481 Your Inventory: Coins $ - 126 gold pieces Weapons a - 35 uncursed rusty +2 darts (in quiver) Armor e - a blessed +0 Hawaiian shirt (being worn) Comestibles b - an uncursed tin of spinach c - 2 uncursed fortune cookies d - an uncursed chestnut f - 2 uncursed eggs g - 2 uncursed tripe rations h - an uncursed pancake i - an uncursed cram ration j - an uncursed food ration k - an uncursed tin of newt meat Scrolls m - 4 uncursed scrolls of blank paper Potions l - 2 uncursed potions of water Wands p - an uncursed very rusty wand of secret door detection (0:12) Tools n - an uncursed expensive camera (0:66) o - an uncursed credit card q - an uncursed oil lamp (0:1220) Spells and supernatural/magical abilities: Name Level Category Fail Memory W - pray for help -- divine ? -- Your skills at the end: Miscellaneous Skills wands [Basic] Weapon Skills dart [Basic] Spellcasting Skills Final Attributes: You were devoutly aligned. You were blinded. You had infravision. You were very stealthy. You are dead. Voluntary challenges: You went without food. You did not adorn yourself with jewelry or accessories. You did not cause conflict. You were not invisible. You did not have reflection. You were not displaced. You were an atheist. You never hit with a wielded weapon. You were a pacifist. You did not use tools. You did not use plumbed fixtures. You did not drink any magical draughts. You were illiterate. You never genocided any monsters. You never polymorphed an object. You never changed form. You used no wishes. You never split a pudding. You never wrote Elbereth's name. You never violated your personal moral code. Dungeon overview: The Dungeons of Doom: levels 1 to 22 Level 1 a long staircase Level 2 a fountain Level 3 Level 4 Level 5 Level 6 Level 7 Level 8 Level 9 Level 10 Level 11 Level 12 Level 13 Level 14 Level 15 Level 16 Level 17 Level 18 Level 19 Level 20 Level 21 Level 22 <- You were here many trees History has recorded: On T:1 you entered the Dungeons of Doom to retrieve the Amulet of Yendor! On T:4 you reached level 2 of The Dungeons of Doom. On T:7 you reached level 3 of The Dungeons of Doom. On T:9 you reached level 4 of The Dungeons of Doom. On T:11 you reached level 5 of The Dungeons of Doom. On T:13 you reached level 6 of The Dungeons of Doom. On T:16 you reached level 7 of The Dungeons of Doom. On T:18 you reached level 8 of The Dungeons of Doom. On T:20 you reached level 9 of The Dungeons of Doom. On T:22 you reached level 10 of The Dungeons of Doom. On T:26 you reached level 11 of The Dungeons of Doom. On T:28 you reached level 12 of The Dungeons of Doom. On T:31 you reached level 13 of The Dungeons of Doom. On T:33 you reached level 14 of The Dungeons of Doom. On T:35 you reached level 15 of The Dungeons of Doom. On T:35 you entered the Rogue tribute level. On T:37 you reached level 16 of The Dungeons of Doom. On T:40 you reached level 17 of The Dungeons of Doom. On T:42 you reached level 18 of The Dungeons of Doom. On T:44 you reached level 19 of The Dungeons of Doom. On T:48 you reached level 20 of The Dungeons of Doom. On T:50 you reached level 21 of The Dungeons of Doom. On T:52 you reached level 22 of The Dungeons of Doom. Score breakdown: Gold: 0 ( 0 points) Experience: 1 level ( 0 points) Exploration: 22 levels ( 630 points) Discoveries: 2 items ( 100 points) Variety of kills: 0 monsters ( 0 points) Major goal: (nothing yet) ( 0 points) Survival: died (score multiplied by 3) Total score: 2190 Latest messages: As you dig, the hole fills with water! You fall into the water! You sink like a rock. Your darts rust! Your wand of secret door detection rusts! You try to crawl out of the water. Pheew! That was close. The raven pecks! The raven blinds you! That command is only available in debug mode. You fall into the water! You sink like a rock. Your wand of secret door detection rusts further! You try to crawl out of the water. Pheew! That was close. That command is only available in debug mode. Wait! There's something there you can't see! Something pecks! (3x) You have no weapon equipped. Wait! There's something there you can't see! Something pecks! (2x) You die... Final status: Aloha noty the Tourist, killed by a raven... You died in The Dungeons of Doom on dungeon level 22 with 2190 points, and 126 pieces of gold, after 56 moves. You were level 1 with a maximum of 9 hit points when you died.